 Dungeon Crawl Stone Soup version 0.25-a0-283-ge7e91ba8d0 (webtiles) character file.

Game seed: 16567323066889540009, levelgen mode: deterministic

91 DerDa the Conjurer (level 4, -1/33 HPs)
             Began as a Draconian Conjurer on Dec 11, 2019.
             Slain by a worm (11 damage)
             ... on level 2 of the Dungeon.
             The game lasted 00:07:21 (1623 turns).

DerDa the Conjurer (Draconian Conjurer)             Turns: 1623, Time: 00:07:22

Health: -1/33      AC:  5    Str: 10    XL:     4   Next: 33%
Magic:  0/8        EV: 12    Int: 16    God:
Gold:   156        SH:  0    Dex: 12    Spells: 5/8 levels left

rFire    . . .     SeeInvis .   h - +0 spear
rCold    . . .     Gourm    .   (no shield)
rNeg     . . .     Faith    .   (armour unavailable)
rPois    .         Spirit   .   (helmet restricted)
rElec    .         Reflect  .   (no cloak)
rCorr    .         Harm     .   (no gloves)
MR       .....                  (no boots)
Stlth    ++........             (no amulet)
HPRegen  0.11/turn              (no ring)
MPRegen  0.11/turn              (no ring)

@: no status effects
A: unfitting armour, cold-blooded, AC +5
a: no special abilities


You were on level 2 of the Dungeon.
You were hungry.

You visited 1 branch of the dungeon, and saw 3 of its levels.

You collected 156 gold pieces.

Inventory:

Hand Weapons
 h - a +0 spear (weapon)
 s - a +0 hunting sling
Missiles
 c - 41 stones (quivered)
 g - 67 arrows
 k - 32 sling bullets
 o - 12 poisoned darts
 r - 4 boomerangs
 t - 7 atropa-tipped darts
Wands
 l - a wand of acid (5)
Scrolls
 a - a scroll of enchant armour {unknown}
 d - 4 scrolls of amnesia {unknown}
 e - a scroll of blinking {unknown}
 i - 3 scrolls of magic mapping {unknown}
 m - a scroll of enchant weapon {unknown}
Potions
 j - 2 potions of heal wounds {unknown}
 n - a potion of invisibility {unknown}
 p - a potion of might {unknown}
 q - a potion of mutation {unknown}
Comestibles
 b - 6 rations
 f - a chunk of flesh


   Skills:
 - Level 1.7 Dodging
 - Level 1.7 Stealth
 * Level 2.8 Spellcasting
 * Level 5.4 Conjurations


You had 5 spell levels left.
You knew the following spells:

 Your Spells              Type           Power        Failure   Level  Hunger
a - Magic Dart            Conj           ###.         1%          1    #......
b - Searing Ray           Conj           ###...       3%          2    ##.....

Your spell library contained the following spells:

 Spells                   Type           Power        Failure   Level  Hunger
 Dazzling Flash           Conj/Hex       ##....       19%         3    ###....
 Fulminant Prism          Conj/Hex       ##........   54%         4    #####..
 Iskenderun's Mystic Bla  Conj/Tloc      ##......     54%         4    #####..


Dungeon Overview and Level Annotations

Branches:
Dungeon (3/15)

Altars:
Trog


Innate Abilities, Weirdness & Mutations

Your plain brown scales are hard. (AC +5)
You cannot fit into any form of body armour.
You are cold-blooded and may be slowed by cold attacks.


Message History

The searing ray hits the worm.
The worm is almost dead.
You finish channeling your searing ray.
The worm barely misses you.
You are feeling hungry.
The worm closely misses you.
You hit the worm but do no damage.
The worm is almost dead.
The worm bites you!
You barely miss the worm.
The worm is almost dead.
The worm bites you.
Casting: Searing Ray (safe; 3% risk of failure)
Confirm with . or Enter, or press ? or * to list all spells.
Aiming: Magic Dart (safe; 1% risk of failure)
Press: ? - help, Shift-Dir - straight line, f/p - worm
Aim: a worm (almost dead, berserk, fast, unusually strong)
The magic dart hits the worm.
The worm is almost dead.
The worm bites you!
You die...

##.......# #......... #.%..#...)
####.w.###... ## ...
#..%...#y#._. ##. ....
#.##...###... #..
....#####.##....#...) #..
.........w##......... ##)#
.........@.##......)###..#
............##....####...#
#..........########..#.#
#.#...####..........##.#
#.#.#...#............#.#
#...###.#............... ####
###...###.#......)........
...#####...#..##.............####
....#รท.).####.###......#...#.#
##


You could see a worm (berserk).

Vanquished Creatures
  2 adders (D:2)
  3 oozes
  A worm (D:2)
  2 dart slugs
  A leopard gecko (D:2)
  4 bats
  2 giant cockroaches (D:1)
  9 goblins
  9 hobgoblins
  6 kobolds
  3 frilled lizards
  7 rats
49 creatures vanquished.

Notes
Turn   | Place    | Note
-------+----------+-------------------------------------------
     0 | D:1      | DerDa the Draconian Conjurer began the quest for the Orb.
     0 | D:1      | Reached XP level 1. HP: 14/14 MP: 3/3
   206 | D:1      | Reached XP level 2. HP: 20/20 MP: 0/5
   259 | D:1      | Learned a level 2 spell: Searing Ray
   627 | D:1      | Reached XP level 3. HP: 26/26 MP: 0/6
   896 | D:2      | Reached skill level 5 in Conjurations
  1256 | D:2      | Reached XP level 4. HP: 33/33 MP: 2/7
  1585 | D:2      | Noticed a moth of wrath
  1588 | D:2      | Found a bloodstained altar of Trog.
  1623 | D:2      | Slain by a worm

Levels and vault maps discovered:
D:1:      tarquinn_simple_flora_water_a, layout_loops_ring
D:2:      layout_rooms, tgw_trog, first_ration, minmay_liquid_box
D:3:      minmay_wonky_spiral, layout_loops_ring, okawaru_gym_becter,
          nicolae_dithmenos_shadow_blocks, marbit_many_paths,
          gammafunk_ghost_gnarly_gnolls, uniq_jessica

Skill      XL: |  1  2  3 |
---------------+----------+-----
Conjurations   | 5 |  5.4
Dodging        | |  1.7
Stealth        | |  1.7
Spellcasting   | |  2.8

Action                   |  1- 3 |  4- 6 || total
-------------------------+-------+-------++-------
Melee: Unarmed           |    16 |       ||    16
       Tailslap          |     3 |       ||     3
       Spear             |    27 |     5 ||    32
 Cast: Magic Dart        |    60 |    26 ||    86
       Searing Ray       |     3 |     1 ||     4
  Eat: Chunk             |     2 |     1 ||     3
Armor: Skin              |    18 |     1 ||    19
Dodge: Dodged            |    33 |     5 ||    38

Table legend:
 A = Non-vault XP
 B = Vault XP
 C = Vault XP percentage of total XP
 D = Non-vault monster count
 E = Vault monster count
 F = Vault count percentage of total count
                 A         B        C        D         E       F
            +---------+---------+-------+---------+---------+-------
      Total |     126 |       4 |   3.1 |      45 |       4 |   8.2
            +---------+---------+-------+---------+---------+-------
        D:1 |      52 |       0 |   0.0 |      24 |       0 |   0.0
        D:2 |      74 |       4 |   5.1 |      21 |       4 |  16.0
            +---------+---------+-------+---------+---------+-------
